 Dungeon Crawl Stone Soup version 0.25-a0-544-gee0576305d (webtiles) character file.

Game seed: 4563823935704177000, levelgen mode: deterministic

232 Forecaster the Magician (level 6, -22/51 HPs)
             Began as a Naga Wizard on Feb 20, 2020.
             Annihilated by an ogre
             ... wielding a +0 giant spiked club
              (25 damage)
             ... on level 5 of the Dungeon.
             The game lasted 00:15:04 (2327 turns).

Forecaster the Magician (Naga Wizard)               Turns: 2327, Time: 00:15:05

Health: -22/51     AC:  4    Str: 10    XL:     6   Next: 4%
Magic:  9/12       EV: 10    Int: 18    God:
Gold:   83         SH:  0    Dex: 11    Spells: 8/13 levels left

rFire    . . .     SeeInvis +   A - +3 quarterstaff (chaos)
rCold    . . .     Gourm    .   (shield currently unavailable)
rNeg     . . .     Faith    .   m - +0 leather armour
rPois    +         Spirit   .   b - +0 hat
rElec    .         Reflect  .   B - +0 cloak
rCorr    .         Harm     .   (no gloves)
MR       .....                  (no barding)
Stlth    ++........             (no amulet)
HPRegen  0.17/turn              c - ring of wizardry
MPRegen  0.13/turn              o - ring of flight

@: very slow
A: large, see invisible, deformed body, poison resistance, slowness 2, slow
metabolism 1, spit poison 1, AC +2
a: Spit Poison, Evoke Flight


You were on level 5 of the Dungeon.
You were not hungry.

You visited 1 branch of the dungeon, and saw 4 of its levels.

You collected 83 gold pieces.

Inventory:

Hand Weapons
 i - a +0 whip
 n - a +2 dagger of draining
 t - a +0 dagger
 v - a cursed -2 spear
 y - a +1 vorpal scimitar
 A - a +3 quarterstaff of chaos (weapon)
Missiles
 e - a throwing net (quivered)
 j - 32 stones
 w - 22 bolts
Armour
 a - a +0 robe
 b - a +0 hat (worn)
 m - a +0 leather armour (worn)
 r - a +0 robe
 B - a +0 cloak (worn)
Jewellery
 c - a ring of wizardry (left hand)
 o - a ring of flight (right hand)
Scrolls
 f - a scroll of remove curse {unknown}
 g - a scroll of random uselessness {unknown}
 k - a scroll of noise {unknown}
 l - 3 scrolls of enchant weapon {unknown}
 p - 2 scrolls of identify {unknown}
 u - a scroll of teleportation {unknown}
Potions
 h - a potion of heal wounds {unknown}
 q - a potion of haste {unknown}
 s - a potion of lignification {unknown}
 x - a potion of mutation {unknown}
 z - a potion of berserk rage {unknown}
Comestibles
 d - 4 rations


   Skills:
 + Level 1.5 Fighting
 + Level 1.4 Short Blades
 + Level 0.1 Maces & Flails
 + Level 1.2 Armour
 + Level 2.3 Dodging
 + Level 3.4 Stealth
 + Level 4.2 Spellcasting
 + Level 1.5 Conjurations
 + Level 1.9 Summonings
 + Level 1.0 Translocations


You had 8 spell levels left.
You knew the following spells:

 Your Spells              Type           Power        Failure   Level  Hunger
a - Magic Dart            Conj           #...         4%          1    None
b - Call Imp              Summ           ##......     5%          2    ##.....
c - Blink                 Tloc           N/A          8%          2    ##.....

Your spell library contained the following spells:

 Spells                   Type           Power        Failure   Level  Hunger
 Slow                     Hex            #.......     12%         2    ##.....
 Conjure Flame            Conj/Fire      #.......     16%         3    ###....
 Mephitic Cloud           Conj/Pois/Air  #.......     19%         3    ###....


Dungeon Overview and Level Annotations

Branches:
Dungeon (3/15)

Altars:
Ashenzari
Nemelex Xobeh
Trog
Vehumet


Innate Abilities, Weirdness & Mutations

You cannot wear boots.
Your serpentine skin is tough. (AC +2)
You have supernaturally acute eyesight. (SInv)
Armour fits poorly on your strangely shaped body.
Your system is resistant to poisons. (rPois)
You cover ground very slowly.
You have a slow metabolism.
You can spit poison.


Message History

Your crimson imp blinks!
The adder closely misses you. The ogre closely misses you.
You thump the ogre! You burn the ogre.
The ogre is heavily wounded.
The adder misses you.
Your crimson imp barely misses the adder.
The ogre hits you with a +0 giant spiked club!
The adder bites you.
Your crimson imp hits the adder.
You hit the adder. You freeze the adder.
You kill the adder!
The ogre completely misses you.
You sock the ogre!
The ogre is severely wounded.
The ogre hits you with a +0 giant spiked club!!
Ouch! That really hurt!
* * * LOW HITPOINT WARNING * * *
Your crimson imp hits the ogre.
Your crimson imp closely misses the ogre.
The ogre hits you with a +0 giant spiked club!!
You die...

############
#....@O5...#
>......†5....#
.##..........#
#..........#
............#
.....#######.#
..### .# .. .


You could see an ogre (berserk) and 2 friendly crimson imps.

Vanquished Creatures
  4 adders
  An ooze (D:1)
  A worm (D:2)
  A dart slug (D:1)
  3 leopard geckos
  2 giant cockroaches
  5 goblins
  3 hobgoblins (D:1)
  3 jackals (D:2)
  5 kobolds
  6 bats
  A frilled lizard (D:1)
  2 rats (D:2)
37 creatures vanquished.

Vanquished Creatures (collateral kills)
  Sigmund (D:2)
  Crazy Yiuf (D:2)
  Natasha (thrice) (D:2)
  An adder (D:2)
  A worm (D:2)
  A giant cockroach (D:1)
  2 goblins (D:1)
  2 hobgoblins
  A bat (D:2)
  A kobold (D:2)
14 creatures vanquished.

Grand Total: 51 creatures vanquished

Notes
Turn   | Place    | Note
-------+----------+-------------------------------------------
     0 | D:1      | Forecaster the Naga Wizard began the quest for the Orb.
     0 | D:1      | Reached XP level 1. HP: 15/15 MP: 4/4
   262 | D:1      | Reached XP level 2. HP: 22/22 MP: 0/6
   266 | D:1      | Learned a level 2 spell: Call Imp
   269 | D:1      | Learned a level 2 spell: Blink
   549 | D:1      | Reached XP level 3. HP: 23/28 MP: 0/8
  1021 | D:2      | Noticed Natasha
  1035 | D:2      | Killed Natasha
  1376 | D:2      | Noticed Natasha
  1395 | D:2      | Killed Natasha
  1395 | D:2      | Reached skill level 1 in Short Blades
  1395 | D:2      | Reached XP level 4. HP: 24/36 MP: 2/9
  1438 | D:2      | Found a radiant altar of Vehumet.
  1647 | D:2      | Found a sparkling altar of Nemelex Xobeh.
  1777 | D:2      | Noticed Natasha
  1784 | D:2      | Killed Natasha
  1838 | D:2      | Found a bloodstained altar of Trog.
  1933 | D:2      | Reached XP level 5. HP: 42/42 MP: 5/10
  1973 | D:2      | Reached skill level 4 in Spellcasting
  2062 | D:2      | Noticed Sigmund
  2078 | D:2      | Killed Sigmund
  2078 | D:2      | Reached skill level 1 in Armour
  2082 | D:2      | Found a shattered altar of Ashenzari.
  2186 | D:2      | Found a runed translucent door.
  2187 | D:2      | Noticed Crazy Yiuf
  2198 | D:2      | Killed Crazy Yiuf
  2198 | D:2      | Reached skill level 1 in Fighting
  2198 | D:2      | Reached XP level 6. HP: 22/51 MP: 0/12
  2319 | D:3      | You fall into a shaft and drop 2 floors!
  2319 | D:5      | Entered Level 5 of the Dungeon
  2327 | D:5      | Annihilated by an ogre

Levels and vault maps discovered:
D:1:      mrwooster_arrival_statue_2, layout_basic, minmay_heptomino_o4
D:2:      layout_loops_ring, lemuel_coloured_pillars_altar,
          lemuel_crystal_altar, fiery_altar_vehumet,
          nemelex_xobeh_ov_fountains_minmay, uniq_sigmund,
          uniq_crazy_yiuf_cottage, uniq_natasha
D:3:      layout_basic, nicolae_tso_carved_into_rock, first_ration,
          minmay_goblin_outpost, uniq_robin
D:5:      layout_basic, nicolae_ossuary_entry_plus, uniq_edmund

Skill      XL: |  1  2  3  4  5 |
---------------+----------------+-----
Short Blades   | 1 |  1.4
Dodging        | 2 |  2.3
Spellcasting   | 4 |  4.2
Armour         | 1 |  1.2
Fighting       | 1 |  1.5
Maces & Flails | |  0.1
Stealth        | |  3.4
Conjurations   | |  1.5
Summonings     | |  1.9
Translocations | |  1.0

Action                   |  1- 3 |  4- 6 || total
-------------------------+-------+-------++-------
Melee: Unarmed           |     4 |       ||     4
       Whip              |    13 |       ||    13
       Dagger            |    24 |    34 ||    58
       Scimitar          |       |     8 ||     8
       Quarterstaff      |       |     6 ||     6
 Cast: Magic Dart        |    37 |    18 ||    55
       Call Imp          |    18 |    16 ||    34
       Blink             |       |     1 ||     1
  Eat: Chunk             |     1 |     2 ||     3
       Ration            |       |     1 ||     1
Armor: Robe              |     1 |       ||     1
       Leather armour    |    13 |    21 ||    34
Dodge: Dodged            |    27 |    30 ||    57
       Rpst.: Scimitar   |       |     1 ||     1

Table legend:
 A = Non-vault XP
 B = Vault XP
 C = Vault XP percentage of total XP
 D = Non-vault monster count
 E = Vault monster count
 F = Vault count percentage of total count
                 A         B        C        D         E       F
            +---------+---------+-------+---------+---------+-------
      Total |     160 |     172 |  51.8 |      44 |       7 |  13.7
            +---------+---------+-------+---------+---------+-------
        D:1 |      34 |       7 |  17.1 |      18 |       4 |  18.2
        D:2 |     118 |     165 |  58.3 |      25 |       3 |  10.7
        D:5 |       8 |       0 |   0.0 |       1 |       0 |   0.0
            +---------+---------+-------+---------+---------+-------
